 Dungeon Crawl Stone Soup version 0.29-a0-998-g1987434951 (webtiles) character file.

Game seed: 11315497778915772718

9657 pokeman the Eclecticist (level 11, -5/61 HPs)
             Began as a Deep Elf Hedge Wizard on Aug 5, 2022.
             Was a Priest of Vehumet.
             Slain by a cyclops (26 damage)
             ... on level 11 of the Dungeon.
             The game lasted 00:31:29 (14341 turns).

pokeman the Eclecticist (Deep Elf Hedge Wizard)    Turns: 14341, Time: 00:31:29

Health: -5/61      AC:  8    Str:  7    XL:     11   Next: 25%
Magic:  28/32      EV: 12    Int: 24    God:    Vehumet [***...]
Gold:   993        SH:  7    Dex: 14    Spells: 22/40 levels left

rFire   . . .      SeeInvis .   b - +7 Singing Sword {vorpal, sonic wave}
rCold   . . .      Faith    .   q - +2 buckler
rNeg    . . .      Spirit   .   j - +0 steam dragon scales
rPois   .          Reflect  .   c - +0 hat
rElec   .          Harm     .   r - +0 cloak
rCorr   .          Rampage  .   w - +0 pair of gloves
Will    +....                   (no boots)
Stlth   ++........              (no amulet)
HPRegen 0.20/turn               (no ring)
MPRegen 0.23/turn               (no ring)

@: no status effects
A: no striking features
a: Renounce Religion


You were on level 11 of the Dungeon.
You worshipped Vehumet.
Vehumet was most pleased with you.
You visited 2 branches of the dungeon, and saw 12 of its levels.
You also visited: Ossuary.

You collected 1119 gold pieces.
You spent 126 gold pieces at shops.

Inventory:

Hand Weapons
 b - the +7 Singing Sword (weapon) {vorpal, sonic wave}
   (You found it on level 5 of the Dungeon)

   It inflicts extra damage upon your enemies.
   It radiates damaging sonic waves as it strikes, especially in combat
   involving dangerous or numerous foes.
 i - a +4 quarterstaff of chaos
 E - the +5 hand axe "Hocol" {freeze, *Corrode rF+ Will+ Str+4}
   (You found it on level 9 of the Dungeon)

   It freezes those it strikes, dealing additional cold damage.
   It can also slow down cold-blooded creatures.
   Str:       It affects your strength (+4).
   rF:        It protects you from fire.
   *Corrode:  It may corrode you when you take damage.
   Will:      It increases your willpower.
 P - a +2 sling of freezing
Armour
 c - a +0 hat (worn)
 j - +0 steam dragon scales (worn)
 q - a +2 buckler (worn)
 r - a +0 cloak (worn)
 w - a +0 pair of gloves (worn)
 R - a +0 troll leather armour
 V - an orb of wrath
Magical Staves
 z - a staff of conjuration
 U - a staff of death
Jewellery
 Q - an amulet of guardian spirit
Wands
 y - a wand of flame (20)
 A - a wand of polymorph (3)
 J - a wand of digging (3)
 S - a wand of mindburst (3)
Scrolls
 g - 2 scrolls of enchant weapon {unknown}
 h - 3 scrolls of amnesia {unknown}
 k - 2 scrolls of enchant armour {unknown}
 l - 6 scrolls of fog {unknown}
 o - 13 scrolls of identify {unknown}
 p - 4 scrolls of noise {unknown}
 s - 3 scrolls of poison {unknown}
 t - 5 scrolls of torment {unknown}
 u - 2 scrolls of blinking {unknown}
 v - 4 scrolls of fear {unknown}
 B - a scroll of acquirement {unknown}
 D - a scroll of immolation {unknown}
 F - a scroll of brand weapon {unknown}
 G - 4 scrolls of magic mapping {unknown}
 M - 2 scrolls of teleportation {unknown}
 N - 3 scrolls of summoning {unknown}
 O - a scroll of silence {unknown}
 T - a scroll of vulnerability {unknown}
Potions
 a - 11 potions of curing
 d - a potion of magic
 e - 5 potions of heal wounds
 f - 4 potions of attraction {unknown}
 m - 4 potions of haste {unknown}
 n - 6 potions of mutation {unknown}
 x - 2 potions of resistance {unknown}
 C - 2 potions of ambrosia {unknown}
 H - 2 potions of lignification {unknown}
 I - 3 potions of might {unknown}
 K - a potion of invisibility {unknown}
 L - 2 potions of brilliance {unknown}


   Skills:
 - Level 4.0 Fighting
 + Level 3.4 Armour
 - Level 3.0 Dodging
 - Level 3.0 Stealth
 - Level 3.0 Shields
 * Level 15.0 Spellcasting
 + Level 8.7 Conjurations
 - Level 1.1 Summonings
 - Level 1.0 Necromancy
 - Level 1.1 Translocations
 + Level 8.0 Fire Magic
 - Level 1.0 Air Magic
 - Level 1.0 Earth Magic
 - Level 1.0 Poison Magic
 - Level 1.0 Evocations


You had 22 spell levels left.
You knew the following spells:

 Your Spells              Type           Power      Damage    Failure   Level
a - Magic Dart            Conj           100%       1d8       1%          1
b - Mephitic Cloud        Conj/Pois/Air  35%        N/A       1%          3
c - Call Imp              Summ           23%        N/A       4%          2
d - Blink                 Tloc           46%        N/A       4%          2
e - Conjure Flame         Conj/Fire      55%        6-21      1%          3
f - Flame Wave            Conj/Fire      55%        2d13      1%          4
g - Stone Arrow           Conj/Erth      82%        3d12      1%          3

Your spell library contained the following spells:

 Spells                   Type           Power      Damage    Failure   Level
 Dazzling Flash           Conj/Hex       76%        N/A       1%          3
 Freeze                   Ice            72%        1d9       1%          1
 Scorch                   Fire           100%       2d10      1%          2
 Hailstorm                Conj/Ice       38%        3d9       1%          4
 Apportation              Tloc           46%        N/A       2%          1
 Necrotise                Necr           88%        1d8       2%          1
 Frozen Ramparts          Ice            36%        1d11      3%          3
 Slow                     Hex            72%        N/A       4%          1
 Lightning Bolt           Conj/Air       20%        1d35      4%          5
 Airstrike                Air            11%        2d(2-18)  7%          4
 Vampiric Draining        Necr           22%        2d7       9%          3
 Confusing Touch          Hex            18%        N/A       12%         3
 Summon Lightning Spire   Summ/Air       23%        N/A       26%         4
 Yara's Violent Unravell  Hex/Tmut       9%         3d6       28%         5
 Summon Ice Beast         Ice/Summ       20%        N/A       32%         4
 Agony                    Necr           22%        N/A       58%         5
 Alistair's Intoxication  Tmut/Pois      13%        N/A       67%         5
 Summon Mana Viper        Hex/Summ       20%        N/A       67%         5
 Summon Cactus Giant      Summ           11%        N/A       99%         6
 Enfeeble                 Hex            9%         N/A       100%        7
 Monstrous Menagerie      Summ           11%        N/A       100%        7


Dungeon Overview and Level Annotations

Branches:
Dungeon (11/15)            Temple (1/1) D:7            Lair (0/5) D:8
    Orc (0/2) D:10        Ossuary (visited)

Altars:
Ashenzari
Cheibriados
Dithmenos
Elyvilon
Fedhas
Gozag
Hepliaklqana
Makhleb
Nemelex Xobeh
Okawaru
Trog
Uskayaw
Vehumet
Wu Jian
Xom
Yredelemnul
Zin
The Shining One
Jiyva

Shops:
D:4 !   D:11 !

Annotations:
D:8 3 runed translucent doors, BleedingAnus's ghost, novice MiFi


Message History

There is a roughly hewn altar of Beogh here.
You now have 993 gold pieces (gained 14).
There is a broken door here.
There is a broken door here.
There is a broken door here.
As you open the door, it creaks loudly!
You hear a shout!
A cyclops comes into view.
The cyclops shouts!
The cyclops throws a large rock.
The large rock hits you!
There is an open door here.
Casting: Mephitic Cloud (safe; 1% risk of failure)
Confirm with . or Enter, or press ? or * to list all spells.
Aiming: Mephitic Cloud (safe; 1% risk of failure)
Press: ? - help, Shift-Dir - straight line The ball explodes into a vile cloud!
The stinking cloud engulfs the cyclops but does no damage.
Unknown command.
Unknown command.
The cyclops is engulfed in noxious fumes.
The cyclops appears confused.
You strike the helpless cyclops from behind!
You slash the cyclops!
The cyclops is heavily wounded.
The cyclops seems less confused.
The cyclops is engulfed in noxious fumes.
The cyclops hits you!!
Unknown command.
Casting: Mephitic Cloud (safe; 1% risk of failure)
Confirm with . or Enter, or press ? or * to list all spells.
Aiming: Mephitic Cloud (safe; 1% risk of failure)
Press: ? - help, Shift-Dir - straight line, f - cyclops
Aim: a cyclops, quivering large rocks (heavily wounded, chance to affect: 58%) That beam is likely to hit you.
Continue anyway?
The ball explodes into a vile cloud!
The stinking cloud engulfs the cyclops but does no damage.
The cyclops is heavily wounded.
The stinking cloud engulfs you but does no damage.
The cyclops is engulfed in noxious fumes.
The cyclops appears confused.
The cyclops hits you!!
You die...

#..###### #..∩
##......# ####
######.# #.#
###########'####
#..............#
#..............######
#..............'.....
#.○○@°.........######
#.☼C§..........#
########'#######
#^.### ##...# ###.#
### ########'## ###..
#.........# ##))..
#...._....###))#..


You could see a cyclops (confused).

Vanquished Creatures
  A two-headed ogre (D:9)
  An orc knight (D:11)
  Psyche (D:10)
  2 trolls
  2 hornets
  A wyvern (D:7)
  A wraith (D:10)
  9 yaks
  2 vampire mosquitoes (D:11)
  2 steam dragons
  A water moccasin (D:5)
  Duvessa (D:7)
  7 orc warriors
  2 ice beasts
  5 ogres
  4 centaurs
  2 wolves (D:8)
  3 phantoms
  An elf zombie (Ossuary)
  5 bullfrogs
  2 gnoll sergeants
  6 scorpions
  6 wights
  Dowan (D:7)
  3 killer bees (D:8)
  3 electric eels (D:8)
  5 howler monkeys
  4 hounds (D:8)
  Crazy Yiuf (D:2)
  A gnoll bouda (D:7)
  12 orc priests
  A human zombie (Ossuary)
  9 jellies
  An iguana (D:4)
  10 orc wizards
  A hound zombie (Ossuary)
  3 mummies (Ossuary)
  13 gnolls
  10 adders
  A shadow imp (D:6)
  2 white imps
  2 ufetubi
  2 adder zombies (Ossuary)
  2 dart slugs
  72 orcs
  9 endoplasms
  7 giant cockroaches
  7 goblins
  7 hobgoblins
  2 jackals (D:1)
  7 kobolds
  5 quokkas
  6 ball pythons
  9 bats
  3 frilled lizards
  2 hobgoblin zombies (Ossuary)
  2 jackal zombies (Ossuary)
  An orc zombie (Ossuary)
  5 rats
  2 rat zombies (Ossuary)
300 creatures vanquished.

Vanquished Creatures (collateral kills)
  A mummy (Ossuary)
  An adder (D:5)
  An orc (D:8)
  A bat (D:5)
4 creatures vanquished.

Vanquished Creatures (others)
  An electric eel (D:8)
  23 fungi
  2 plants (D:3)
26 creatures vanquished.

Grand Total: 330 creatures vanquished

Notes
Turn   | Place    | Note
-------+----------+-------------------------------------------
     0 | D:1      | pokeman the Deep Elf Hedge Wizard began the quest for the
                  | Orb.
     0 | D:1      | Reached XP level 1. HP: 10/10 MP: 7/7
   293 | D:1      | Reached XP level 2. HP: 15/15 MP: 6/9
   839 | D:1      | Reached skill level 5 in Spellcasting
   999 | D:1      | Reached XP level 3. HP: 20/20 MP: 7/11
  1003 | D:1      | Learned a level 3 spell: Mephitic Cloud
  1006 | D:1      | Learned a level 2 spell: Call Imp
  1009 | D:1      | Learned a level 2 spell: Blink
  1013 | D:1      | Learned a level 3 spell: Conjure Flame
  1702 | D:2      | Reached skill level 1 in Fighting
  1702 | D:2      | Reached skill level 1 in Armour
  2014 | D:2      | Reached XP level 4. HP: 25/25 MP: 1/13
  3184 | D:2      | Found a runed translucent door.
  3185 | D:2      | Noticed Crazy Yiuf
  3199 | D:2      | Killed Crazy Yiuf
  3200 | D:2      | Reached skill level 6 in Spellcasting
  3200 | D:2      | Reached XP level 5. HP: 12/29 MP: 3/15
  3456 | D:3      | Reached skill level 1 in Shields
  4153 | D:4      | Found Lamamee's Distillery.
  4160 | D:4      | Bought a potion of curing for 42 gold pieces
  4160 | D:4      | Bought a potion of degeneration for 14 gold pieces
  4160 | D:4      | Bought a potion of heal wounds for 70 gold pieces
  4951 | D:4      | Found an iron altar of Okawaru.
  5076 | D:4      | Found an ornate altar of the Wu Jian Council.
  5244 | D:5      | Entered Level 5 of the Dungeon
  5347 | D:5      | Found a white marble altar of Elyvilon.
  5414 | D:5      | Reached skill level 1 in Fire Magic
  5414 | D:5      | Reached XP level 6. HP: 34/34 MP: 13/17
  5486 | D:5      | Reached skill level 7 in Spellcasting
  5486 | D:5      | Reached skill level 1 in Evocations
  5504 | D:5      | Reached skill level 1 in Air Magic
  5830 | D:5      | Reached skill level 1 in Poison Magic
  5912 | D:5      | Found a basalt altar of Yredelemnul.
  5989 | D:5      | Reached XP level 7. HP: 38/38 MP: 16/20
  6496 | D:5      | Reached skill level 8 in Spellcasting
  6570 | D:5      | Found the +7 Singing Sword {vorpal, sonic wave}
  6663 | D:5      | Found a broken altar of Ashenzari.
  6877 | D:6      | Found a burning altar of Makhleb.
  6926 | D:6      | Found a sand-covered staircase.
  6935 | Ossuary  | Entered an ossuary
  6979 | Ossuary  | Reached XP level 8. HP: 35/44 MP: 10/22
  7263 | D:6      | Found a shimmering altar of Xom.
  7465 | D:6      | Reached skill level 9 in Spellcasting
  7608 | D:6      | Learned a level 4 spell: Flame Wave
  7826 | D:6      | Reached skill level 5 in Conjurations
  8157 | D:6      | Found an opulent altar of Gozag.
  8431 | D:7      | Noticed Duvessa
  8431 | D:7      | Noticed Dowan
  8437 | D:7      | Killed Dowan
  8575 | D:7      | Reached skill level 10 in Spellcasting
  8594 | D:7      | Noticed a hornet
  8631 | D:7      | Killed a hornet
  9013 | D:7      | Reached XP level 9. HP: 27/48 MP: 22/25
  9198 | D:7      | Reached skill level 11 in Spellcasting
  9637 | D:7      | Found a staircase to the Ecumenical Temple.
  9646 | Temple   | Entered the Ecumenical Temple
  9677 | Temple   | Became a worshipper of Vehumet
  9802 | D:7      | Reached skill level 5 in Fire Magic
  9937 | D:7      | Killed Duvessa
 10413 | D:8      | Found a staircase to the Lair.
 10417 | D:8      | Noticed a troll
 10429 | D:8      | Reached * piety under Vehumet
 10429 | D:8      | Offered knowledge of Foxfire by Vehumet.
 10437 | D:8      | Found a blossoming altar of Fedhas.
 10439 | D:8      | Reached skill level 12 in Spellcasting
 10610 | D:8      | Killed a troll
 11136 | D:8      | Reached XP level 10. HP: 33/53 MP: 18/28
 11163 | D:8      | Offered knowledge of Sandblast by Vehumet.
 11538 | D:8      | Reached ** piety under Vehumet
 11731 | D:8      | Found a runed translucent gate.
 11732 | D:8      | Found a runed translucent gate.
 11733 | D:8      | Found a runed translucent gate.
 11733 | D:8      | Noticed BleedingAnus's ghost (novice MiFi)
 11880 | D:8      | Found a viscous altar of Jiyva.
 11902 | D:9      | Reached skill level 1 in Necromancy
 12039 | D:9      | Found a viscous altar of Jiyva.
 12125 | D:9      | Noticed a two-headed ogre
 12137 | D:9      | Killed a two-headed ogre
 12138 | D:9      | Reached skill level 13 in Spellcasting
 12233 | D:9      | Identified the +5 hand axe "Hocol" {freeze, *Corrode rF+
                  | Will+ Str+4}
 12394 | D:9      | Found a glowing silver altar of Zin.
 12397 | D:9      | Found a shadowy altar of Dithmenos.
 12401 | D:9      | Found a sparkling altar of Nemelex Xobeh.
 12718 | D:10     | Entered Level 10 of the Dungeon
 12752 | D:10     | Noticed Psyche
 12880 | D:10     | Killed Psyche
 13181 | D:10     | Reached skill level 14 in Spellcasting
 13278 | D:10     | Found a staircase to the Orcish Mines.
 13517 | D:10     | Offered knowledge of Stone Arrow by Vehumet.
 13522 | D:10     | Learned a level 3 spell: Stone Arrow
 13659 | D:11     | Reached XP level 11. HP: 50/60 MP: 28/31
 13807 | D:11     | Reached *** piety under Vehumet
 13897 | D:11     | Found Lingon's Distillery.
 13971 | D:11     | Reached skill level 1 in Earth Magic
 14095 | D:11     | Noticed an orc knight
 14116 | D:11     | Killed an orc knight
 14117 | D:11     | Offered knowledge of Dazzling Flash by Vehumet.
 14138 | D:11     | Reached skill level 15 in Spellcasting
 14341 | D:11     | Slain by a cyclops

Illustrated notes

Levels and vault maps discovered:
D:1:      heliophobic_arrival_ceremonial_halls, layout_basic,
          minmay_tiny_reverse_x
D:2:      layout_loops_cross, uniq_crazy_yiuf_cottage
D:3:      layout_loops_ring, serial_forest, infiniplex_forest_end_2,
          infiniplex_forest_clump_C, infiniplex_forest_lined_room_3,
          infiniplex_forest_clump_large, infiniplex_forest_lined_corner,
          infiniplex_forest_straight_2, infiniplex_forest_zigzag_1,
          infiniplex_forest_clump_medium
D:4:      nicolae_cairo_tiling_large_dashed, layout_gridville,
          marbit_many_paths, mainiacjoe_overflow_concentric_impassable,
          serial_shops, shop
D:5:      old_forge, layout_loops_cross, lemuel_coloured_pillars_altar,
          kennysheep_ying_yang
D:6:      layout_basic, mainiacjoe_overflow_small_starburst,
          grunt_gozag_breadcrumbs, mainiacjoe_overflow_boulevard,
          lightli_ossuary_entry_decrepit_ruins, minmay_fractal_squares_5
D:7:      layout_loops_ring, minmay_temple_entry_large_hall, uniq_duvessa
D:8:      layout_loops_ring, mainiacjoe_overflow_paths, erik_lair_island,
          gammafunk_ghost_ooze, special_room [special_room_orc],
          minmay_misc_feat_roman, chequers_serial_rivers_micro_c
D:9:      layout_roguey, grunt_temple_overflow_diamond, jiyva_altar_1
D:10:     layout_rooms, minmay_orc_entry_temple_small, uniq_psyche
D:11:     layout_roguey [special_room_orc], serial_shops, shop
Temple:   compressed_dpeg_circular_temple

Skill      XL: |  1  2  3  4  5  6  7  8  9 10 11 |
---------------+----------------------------------+-----
Spellcasting   | 5 6 7 8 10 12 14 15 | 15.0
Fighting       | 1 2 3 4 |  4.0
Armour         | 1 3 |  3.4
Conjurations   | 2 3 4 5 7 8 |  8.7
Dodging        | 3 |  3.0
Shields        | 1 3 |  3.0
Stealth        | 3 |  3.0
Fire Magic     | 1 3 4 6 7 8 |  8.0
Evocations     | 1 |  1.0
Air Magic      | 1 |  1.0
Poison Magic   | 1 |  1.0
Necromancy     | 1 |  1.0
Earth Magic    | 1 |  1.0
Summonings     | |  1.1
Translocations | |  1.1

Action                   |  1- 3 |  4- 6 |  7- 9 | 10-12 || total
-------------------------+-------+-------+-------+-------++-------
Melee: Dagger            |    14 |       |       |       ||    14
       War axe           |       |     6 |       |       ||     6
       Quarterstaff      |       |    20 |     2 |       ||    22
       Double sword      |       |       |    64 |    91 ||   155
       Short sword       |       |       |     3 |       ||     3
       Punch             |       |       |       |     1 ||     1
 Cast: Magic Dart        |   114 |   140 |   160 |    72 ||   486
       Mephitic Cloud    |       |     3 |    36 |    29 ||    68
       Call Imp          |       |     3 |     4 |       ||     7
       Blink             |       |     2 |       |       ||     2
       Conjure Flame     |       |     1 |    28 |    22 ||    51
       Flame Wave        |       |       |     1 |     6 ||     7
 Stab: Sleeping          |       |     1 |       |       ||     1
       Confused          |       |       |    11 |    10 ||    21
Armor: Robe              |     9 |    13 |       |       ||    22
       Leather armour    |       |       |    35 |     3 ||    38
       Steam dragon scal |       |       |       |     7 ||     7
Dodge: Dodged            |    24 |    40 |    62 |    42 ||   168
Block: Buckler           |       |       |       |    27 ||    27

Table legend: (Time is in decaauts)
 A = Elapsed time spent in this place.
 B = Non-inter-level travel time spent in this place.
 C = Inter-level travel time spent in this place.
 D = Time resting spent in this place.
 E = Time spent auto-exploring this place.
 F = Levels seen in this place.
 G = Mean time per level.
                   A        B        C        D        E       F      G
               +--------+--------+--------+--------+--------+-----+--------+
         Total |  14440 |  14130 |    310 |    995 |  10978 |  13 | 1110.8 |
       Dungeon |  14056 |  13770 |    286 |    979 |  10762 |  11 | 1277.8 |
        Temple |     56 |     32 |     24 |      0 |     23 |   1 |   56.0 |
       Ossuary |    327 |    327 |      0 |     16 |    193 |   1 |  327.0 |
               +--------+--------+--------+--------+--------+-----+--------+

Top non-repeatable levels by time:
     D:2: 1850 daAuts
     D:6: 1717 daAuts
     D:1: 1592 daAuts
     D:7: 1563 daAuts
     D:5: 1529 daAuts
     D:8: 1506 daAuts
     D:4: 1091 daAuts
    D:10: 939 daAuts
     D:9: 833 daAuts
     D:3: 721 daAuts
    D:11: 712 daAuts
 Ossuary: 327 daAuts
  Temple: 56 daAuts
